[Event "2nd Goa GM Open 2019"]
[Site "Goa"]
[Date "2019.06.22"]
[Round "7.8"]
[White "Neverov, Valeriy"]
[Black "Aleksandrov, Aleksej"]
[Result "0-1"]
[ECO "A05"]
[WhiteElo "2470"]
[BlackElo "2588"]
[Annotator "ChessBase"]
[PlyCount "104"]
[EventDate "2019.06.17"]
[EventType "swiss"]
[EventCountry "IND"]
[SourceTitle "playchess.com"]
[Source "ChessBase"]
[SourceQuality "1"]
[TimeControl "5400+30"]

1. Nf3 Nf6 2. c4 e6 3. e3 d5 4. Nc3 dxc4 5. Bxc4 a6 6. O-O c5 7. b3 Nc6 8. Bb2 Be7 9. Rc1 O-O 10. Qc2 b6 11. Rfd1 Bb7 12. d4 cxd4 13. Nxd4 Nxd4 14. Rxd4 Qb8 15. h3 Qe5 16. Qd1 Qg5 17. Bf1 Rac8 18. Qe2 h6 19. Rdd1 b5 20. Nb1 Qg6 21. Nd2 Rfd8 22. Nf3 Rxc1 23. Rxc1 Bd6 24. Ne5 Qg5 25. Rd1 Nd5 26. Nd3 b4 27. Rc1 h5 28. Nc5 Nc3 29. Bxc3 Bxc5 30. Bb2 Rd5 31. Rd1 Rf5 32. Qd3 Bb6 33. Rd2 h4 34. Bd4 Rd5 35. Qc4 e5 36. Bc3 bxc3 37. Rxd5 Bxd5 38. Qxd5 Bxe3 39. fxe3 Qxe3+ 40. Kh2 Qg3+ 41. Kg1 Qe1 42. Qc4 g6 43. Kh2 e4 44. Be2 Qd2 45. Qxe4 c2 46. Qe8+ Kg7 47. Qe5+ Kh7 48. Qc7 Kh6 49. Qe5 c1=Q 50. Qh8+ Kg5 51. Qe5+ f5 52. Qe7+ Kf4 0-1

[Event "2nd Goa GM Open 2019"]
[Site "Goa"]
[Date "2019.06.22"]
[Round "7.9"]
[White "Stupak, Kirill"]
[Black "Khusenkhojaev, Muhammad"]
[Result "1-0"]
[ECO "D37"]
[WhiteElo "2584"]
[BlackElo "2446"]
[Annotator "ChessBase"]
[PlyCount "107"]
[EventDate "2019.06.17"]
[EventType "swiss"]
[EventCountry "IND"]
[SourceTitle "playchess.com"]
[Source "ChessBase"]
[SourceQuality "1"]
[TimeControl "5400+30"]

1. d4 Nf6 2. c4 e6 3. Nf3 d5 4. Nc3 Be7 5. g3 dxc4 6. Bg2 c5 7. Qa4+ Nbd7 8. dxc5 Bxc5 9. Qxc4 a6 10. Qb3 Qb6 11. Qxb6 Nxb6 12. O-O Nbd5 13. Bd2 O-O 14. Ne5 Bd4 15. Nf3 Ba7 16. Rac1 Rd8 17. Ne5 Bd4 18. Nxd5 Nxd5 19. Ba5 Rf8 20. Nc4 b5 21. Rfd1 Bxf2+ 22. Kxf2 bxc4 23. Rxc4 Bd7 24. e4 Nf6 25. Rc7 Bb5 26. Bf3 Rfc8 27. Rdc1 Rxc7 28. Rxc7 e5 29. b3 h5 30. Bc3 Re8 31. h3 Bd3 32. Ke3 Bf1 33. Rc6 Kh7 34. Rd6 Re7 35. a4 Re8 36. g4 Bxh3 37. gxh5 Re6 38. Rxe6 Bxe6 39. Be2 Ng4+ 40. Kf3 Bc8 41. b4 Kh6 42. Kg3 Kg5 43. a5 f6 44. b5 axb5 45. a6 f5 46. exf5 Nf6 47. a7 Bb7 48. Bxe5 Nxh5+ 49. Kf2 Nf4 50. Bxf4+ Kxf4 51. Bf1 b4 52. Bg2 b3 53. Bxb7 b2 54. Be4 1-0

[Event "2nd Goa GM Open 2019"]
[Site "Goa"]
[Date "2019.06.22"]
[Round "7.10"]
[White "Mitrabha, Guha"]
[Black "Paichadze, Luka"]
[Result "0-1"]
[ECO "E11"]
[WhiteElo "2341"]
[BlackElo "2557"]
[Annotator "ChessBase"]
[PlyCount "88"]
[EventDate "2019.06.17"]
[EventType "swiss"]
[EventCountry "IND"]
[SourceTitle "playchess.com"]
[Source "ChessBase"]
[SourceQuality "1"]
[TimeControl "5400+30"]

1. d4 Nf6 2. Nf3 e6 3. c4 Bb4+ 4. Bd2 c5 5. Bxb4 cxb4 6. a3 Nc6 7. axb4 Nxb4 8. Nc3 O-O 9. g3 d6 10. Bg2 Bd7 11. O-O Qc7 12. Qb3 a5 13. Na2 Nxa2 14. Qxa2 b5 15. Rfc1 bxc4 16. Rxc4 Qb6 17. e3 a4 18. Qa3 Rab8 19. Rc2 Qb4 20. Ne1 Qxa3 21. Rxa3 Rfc8 22. Rxc8+ Rxc8 23. Nd3 Rc2 24. Bf1 g5 25. Ra1 Rd2 26. h4 g4 27. Rb1 Bc6 28. Nf4 Be4 29. Ra1 Rxb2 30. Rxa4 Rb1 31. Rc4 Rd1 32. Rc3 Nd5 33. Nxd5 Bxd5 34. Rc2 Be4 35. Rc3 h5 36. Rb3 Rc1 37. Ra3 Kg7 38. Rb3 Bd5 39. Rb4 Ra1 40. f4 gxf3 41. Kf2 Ra2+ 42. Ke1 f2+ 43. Kd1 Bf3+ 44. Kc1 Be2 0-1

[Event "2nd Goa GM Open 2019"]
[Site "Goa"]
[Date "2019.06.22"]
[Round "7.11"]
[White "Debashis, Das"]
[Black "Shyaamnikhil P"]
[Result "1/2-1/2"]
[ECO "A58"]
[WhiteElo "2544"]
[BlackElo "2434"]
[Annotator "ChessBase"]
[PlyCount "166"]
[EventDate "2019.06.17"]
[EventType "swiss"]
[EventCountry "IND"]
[SourceTitle "playchess.com"]
[Source "ChessBase"]
[SourceQuality "1"]
[TimeControl "5400+30"]

1. d4 Nf6 2. c4 c5 3. d5 b5 4. cxb5 a6 5. bxa6 g6 6. Nc3 Bxa6 7. Nf3 Bg7 8. e4 Bxf1 9. Kxf1 d6 10. g3 Nbd7 11. Kg2 O-O 12. a4 Qb8 13. Qc2 Qb4 14. h3 Rfb8 15. Ra3 Nb6 16. Rb3 Qa5 17. Bd2 Qa6 18. Ra1 Ne8 19. Nb5 Qc8 20. a5 Qa6 21. Na3 Nd7 22. Nc4 Nc7 23. Rxb8+ Rxb8 24. Rb1 e6 25. dxe6 fxe6 26. Bf4 e5 27. Bd2 d5 28. Ne3 d4 29. Nc4 Qc6 30. b4 cxb4 31. Rxb4 Rf8 32. Ne1 Na6 33. Rb1 Rc8 34. Rc1 Nac5 35. f3 Qa6 36. h4 Rb8 37. Nd3 Nxd3 38. Qxd3 Nc5 39. Qc2 Rb3 40. Qd1 Rb5 41. Na3 Rb3 42. Rxc5 Rxa3 43. Bb4 Ra2+ 44. Rc2 Rxc2+ 45. Qxc2 h5 46. Be1 Bh6 47. Bb4 Kh8 48. Qa2 Kg7 49. Be1 Kh8 50. Qb2 Kh7 51. Qa2 Kh8 52. Bf2 d3 53. f4 exf4 54. Qd5 d2 55. Bd4+ Bg7 56. Bxg7+ Kxg7 57. Qxd2 fxg3 58. Kxg3 Qf1 59. Qd7+ Kh6 60. Qd2+ Kg7 61. Qc3+ Kh7 62. Qc7+ Kg8 63. Qb8+ Kg7 64. Qa7+ Kg8 65. Qe3 Qd1 66. Qg5 Qd3+ 67. Kf4 Qd2+ 68. Kf3 Qd1+ 69. Ke3 Qc1+ 70. Kd4 Qa1+ 71. Kd3 Qb1+ 72. Kc3 Qe1+ 73. Kd3 Qb1+ 74. Kc3 Qe1+ 75. Kd4 Qa1+ 76. Kc4 Qa4+ 77. Kc3 Qa3+ 78. Kd2 Qb2+ 79. Ke3 Qc1+ 80. Kf3 Qf1+ 81. Kg3 Qe1+ 82. Kf4 Qd2+ 83. Kf3 Qc2 1/2-1/2

[Event "2nd Goa GM Open 2019"]
[Site "Goa"]
[Date "2019.06.22"]
[Round "7.12"]
[White "Fier, Alexandr"]
[Black "Gusain, Himal"]
[Result "1/2-1/2"]
[ECO "A04"]
[WhiteElo "2543"]
[BlackElo "2404"]
[Annotator "ChessBase"]
[PlyCount "112"]
[EventDate "2019.06.17"]
[EventType "swiss"]
[EventCountry "IND"]
[SourceTitle "playchess.com"]
[Source "ChessBase"]
[SourceQuality "1"]
[TimeControl "5400+30"]

1. Nf3 f5 2. d3 Nc6 3. d4 d6 4. d5 Ne5 5. Nxe5 dxe5 6. e4 Nf6 7. Nc3 e6 8. Bb5+ Bd7 9. Bg5 Bxb5 10. Nxb5 exd5 11. Bxf6 gxf6 12. exd5 h5 13. d6 Bxd6 14. Qf3 Qd7 15. Qxb7 Ke7 16. Nxd6 cxd6 17. Qxd7+ Kxd7 18. O-O-O Ke6 19. c4 Rag8 20. g3 h4 21. Rhe1 hxg3 22. hxg3 Rc8 23. b3 Rc5 24. Kb2 d5 25. cxd5+ Rxd5 26. Rxd5 Kxd5 27. Kc3 a5 28. Kd3 Rc8 29. Rh1 a4 30. Rb1 axb3 31. axb3 Ra8 32. Rb2 Ra3 33. Ke3 Kc5 34. Rc2+ Kd5 35. Rc3 Ra1 36. b4 Rb1 37. Rc5+ Kd6 38. Rb5 Rb3+ 39. Ke2 Kc6 40. Rb8 Kc7 41. Rf8 Rxb4 42. Rxf6 f4 43. gxf4 exf4 44. Kf3 Kd7 45. Rxf4 Rb3+ 46. Kg4 Ke7 47. Kg5 Rb1 48. Ra4 Kf8 49. Ra6 Kf7 50. Ra7+ Kf8 51. f4 Rb6 52. f5 Rc6 53. Rh7 Ra6 54. Rh6 Rxh6 55. Kxh6 Kf7 56. f6 Kxf6 1/2-1/2

[Event "2nd Goa GM Open 2019"]
[Site "Goa"]
[Date "2019.06.22"]
[Round "7.13"]
[White "Sarbojit Paul"]
[Black "Tukhaev, Adam"]
[Result "0-1"]
[ECO "C60"]
[WhiteElo "2023"]
[BlackElo "2527"]
[Annotator "ChessBase"]
[PlyCount "72"]
[EventDate "2019.06.17"]
[EventType "swiss"]
[EventCountry "IND"]
[SourceTitle "playchess.com"]
[Source "ChessBase"]
[SourceQuality "1"]
[TimeControl "5400+30"]

1. e4 e5 2. Nf3 Nc6 3. Bb5 g6 4. c3 a6 5. Ba4 Bg7 6. d4 exd4 7. cxd4 b5 8. Bc2 d6 9. h3 Nf6 10. O-O O-O 11. Nc3 Re8 12. d5 Na5 13. a3 Bb7 14. Re1 Nd7 15. Bg5 Qb8 16. Nd4 h6 17. Bf4 Qa7 18. Nce2 Nf6 19. f3 Nc4 20. Kh1 Nxb2 21. Qc1 Nh5 22. Be3 Nc4 23. Bg1 Qb8 24. a4 Qd8 25. Rb1 Qh4 26. axb5 axb5 27. Nxb5 Bc8 28. Rf1 Be5 29. f4 Bxh3 30. gxh3 Qxh3+ 31. Bh2 Ne3 32. Rf2 Bxf4 33. Nxf4 Nxf4 34. Rb3 Ng4 35. Rxh3 Nxf2+ 36. Kg1 N2xh3+ 0-1

[Event "2nd Goa GM Open 2019"]
[Site "Goa"]
[Date "2019.06.22"]
[Round "7.14"]
[White "Burmakin, Vladimir"]
[Black "Neelash Saha"]
[Result "1/2-1/2"]
[ECO "A14"]
[WhiteElo "2526"]
[BlackElo "2315"]
[Annotator "ChessBase"]
[PlyCount "145"]
[EventDate "2019.06.17"]
[EventType "swiss"]
[EventCountry "IND"]
[SourceTitle "playchess.com"]
[Source "ChessBase"]
[SourceQuality "1"]
[TimeControl "5400+30"]

1. Nf3 d5 2. g3 Nf6 3. c4 e6 4. Bg2 Be7 5. O-O O-O 6. d4 dxc4 7. Qc2 a6 8. a4 Bd7 9. Qxc4 Bc6 10. Bf4 Bd6 11. Bg5 Nbd7 12. Nc3 h6 13. Bxf6 Nxf6 14. Rfe1 Ne4 15. Ne5 Bxe5 16. dxe5 Nd2 17. Qf4 Bxg2 18. Kxg2 Nb3 19. Rad1 Qe7 20. Qf3 Na5 21. Qe4 Nc6 22. f4 Rfd8 23. Qc4 Qb4 24. Qxb4 Nxb4 25. Kf3 Kf8 26. Ne4 a5 27. Rxd8+ Rxd8 28. Rc1 Nd5 29. g4 b6 30. h4 Rd7 31. g5 hxg5 32. hxg5 Ne7 33. e3 Nf5 34. Ke2 Ke7 35. g6 c5 36. gxf7 Kxf7 37. Rc3 Rc7 38. Rd3 Rb7 39. Rb3 c4 40. Rb5 Rb8 41. Nd2 Rc8 42. Rxb6 c3 43. bxc3 Rxc3 44. Rb3 Rc2 45. Kd3 Ra2 46. Ne4 Rxa4 47. Ng5+ Kg6 48. Nxe6 Rb4 49. Rxb4 axb4 50. Nd4 Ng3 51. e4 Kf7 52. e6+ Kf6 53. f5 Nh5 54. Nc6 g6 55. e7 Ng7 56. fxg6 Kxg6 57. Nxb4 Kf7 58. Nd5 Ne6 59. Ke3 Ng7 60. Kf4 Ke6 61. Kg5 Kf7 62. Kg4 Ke6 63. Kf4 Ne8 64. Kg5 Kf7 65. Kf5 Nd6+ 66. Ke5 Nb5 67. Kf4 Nd6 68. Ke3 Ke8 69. Kd4 Nc8 70. Kc5 Kd7 71. e5 Nxe7 72. e6+ Kxe6 73. Nxe7 1/2-1/2

[Event "2nd Goa GM Open 2019"]
[Site "Goa"]
[Date "2019.06.22"]
[Round "7.15"]
[White "Idani, Pouya"]
[Black "Konguvel, Ponnuswamy"]
[Result "1-0"]
[ECO "B52"]
[WhiteElo "2597"]
[BlackElo "2293"]
[Annotator "RC"]
[PlyCount "131"]
[EventDate "2019.06.17"]
[EventType "swiss"]
[EventCountry "IND"]
[SourceTitle "playchess.com"]
[Source "ChessBase"]
[SourceQuality "1"]
[TimeControl "5400+30"]

1. e4 c5 2. Nf3 d6 3. Bb5+ Bd7 4. Bxd7+ Qxd7 5. c4 Nf6 6. Nc3 g6 7. d4 cxd4 8. Nxd4 Bg7 9. b3 Qg4 10. Qxg4 Nxg4 11. Nde2 Nc6 12. f3 Nd4 13. Bd2 Nxe2 14. Kxe2 Ne5 15. Nd5 Rc8 16. Rac1 Nc6 17. Rhd1 O-O 18. Bc3 f5 19. exf5 Bxc3 20. Rxc3 Rxf5 21. Re3 e5 22. Red3 Rf7 23. Nc3 Nd4+ 24. Kf2 Rc6 25. Ne2 Nxe2 26. Kxe2 Rf6 27. Rd5 b6 28. Kd3 Kf7 29. Kc3 Ke7 30. Kb4 a6 31. a4 Rf8 32. a5 Rb8 33. R1d3 bxa5+ 34. Kxa5 Rcb6 35. Ka4 Rc6 36. Re3 Kd7 37. Rexe5 Rcb6 38. Re3 Kc6 39. h4 Rb5 40. Red3 Rxd5 41. Rxd5 Re8 42. h5 Re2 43. hxg6 Rxg2 44. gxh7 Rh2 45. Ka5 Rxh7 46. Rf5 Rh2 47. f4 Rh3 48. Kb4 Rf3 49. Rf8 Kd7 50. Rf7+ Ke8 51. Ra7 Rxf4 52. Rxa6 d5 53. Rd6 dxc4 54. bxc4 Ke7 55. Rd1 Rf8 56. Kb5 Rb8+ 57. Ka6 Rc8 58. Rd4 Ke6 59. Kb7 Rc5 60. Kb6 Rh5 61. c5 Rh1 62. c6 Rb1+ 63. Kc7 Rc1 64. Kb7 Rb1+ 65. Kc8 Rc1 66. c7 1-0

[Event "2nd Goa GM Open 2019"]
[Site "Goa"]
[Date "2019.06.22"]
[Round "7.16"]
[White "Deepan Chakkravarthy J."]
[Black "Ritviz, Parab"]
[Result "1-0"]
[ECO "A05"]
[WhiteElo "2557"]
[BlackElo "2357"]
[Annotator "ChessBase"]
[PlyCount "71"]
[EventDate "2019.06.17"]
[EventType "swiss"]
[EventCountry "IND"]
[SourceTitle "playchess.com"]
[Source "ChessBase"]
[SourceQuality "1"]
[TimeControl "5400+30"]

1. Nf3 Nf6 2. g3 g6 3. Bg2 Bg7 4. O-O O-O 5. c4 c6 6. d4 d5 7. Qb3 dxc4 8. Qxc4 Be6 9. Qa4 Nbd7 10. Nc3 b5 11. Qc2 b4 12. Na4 Bd5 13. Bf4 Rc8 14. Rac1 a5 15. Rfd1 Be4 16. Qd2 Nd5 17. Bh6 Qc7 18. Bxg7 Kxg7 19. Ne5 Bxg2 20. Nxd7 Qxd7 21. Kxg2 f5 22. Nc5 Qd6 23. e3 Nf6 24. Qe2 e5 25. Qc4 Rfe8 26. Nb7 Qb8 27. dxe5 Rxe5 28. Nd6 Rc7 29. Qf4 Rce7 30. Rxc6 Qa8 31. Rdc1 a4 32. Kg1 b3 33. axb3 axb3 34. Nc8 Re4 35. Qg5 Rf7 36. Nd6 1-0

[Event "2nd Goa GM Open 2019"]
[Site "Goa"]
[Date "2019.06.22"]
[Round "7.17"]
[White "Gukesh D"]
[Black "Sidhant, Mohapatra"]
[Result "1-0"]
[ECO "A37"]
[WhiteElo "2543"]
[BlackElo "2351"]
[Annotator "ChessBase"]
[PlyCount "56"]
[EventDate "2019.06.17"]
[EventType "swiss"]
[EventCountry "IND"]
[SourceTitle "playchess.com"]
[Source "ChessBase"]
[SourceQuality "1"]
[TimeControl "5400+30"]

1. c4 c5 2. g3 g6 3. Bg2 Bg7 4. Nc3 Nc6 5. Nf3 e6 6. d3 Nge7 7. Bd2 d5 8. Qc1 O-O 9. h4 h5 10. Bh6 d4 11. Bxg7 Kxg7 12. Ne4 e5 13. a3 b6 14. b4 Bf5 15. Ned2 Qd6 16. bxc5 bxc5 17. O-O Rab8 18. Qc2 Qc7 19. Rfb1 Na5 20. Ng5 Bd7 21. Bd5 Nxd5 22. cxd5 Bg4 23. Nde4 c4 24. Rb4 c3 25. e3 f6 26. Ne6+ Bxe6 27. dxe6 Nc6 28. Rc4 Qb6 1-0

[Event "2nd Goa GM Open 2019"]
[Site "Goa"]
[Date "2019.06.22"]
[Round "7.18"]
[White "Malakhatko, Vadim"]
[Black "Rohith Krishna S"]
[Result "1-0"]
[ECO "A14"]
[WhiteElo "2505"]
[BlackElo "2347"]
[Annotator "ChessBase"]
[PlyCount "81"]
[EventDate "2019.06.17"]
[EventType "swiss"]
[EventCountry "IND"]
[SourceTitle "playchess.com"]
[Source "ChessBase"]
[SourceQuality "1"]
[TimeControl "5400+30"]

1. c4 e6 2. g3 Nf6 3. Bg2 d5 4. Nf3 Be7 5. O-O O-O 6. d4 b6 7. cxd5 exd5 8. Nc3 Bb7 9. Bf4 c5 10. Rc1 Nbd7 11. Ne5 Ne4 12. Nxe4 dxe4 13. Nxd7 Qxd7 14. dxc5 Qxd1 15. Rfxd1 Bxc5 16. Bd6 Bxd6 17. Rxd6 Rfd8 18. Rxd8+ Rxd8 19. Rc7 Rb8 20. g4 Kf8 21. g5 b5 22. h4 a6 23. Kh2 Bd5 24. b3 Rd8 25. e3 h6 26. Kg3 hxg5 27. hxg5 Rd6 28. Kf4 Bc6 29. b4 g6 30. a3 f6 31. Bh3 Be8 32. Kxe4 fxg5 33. Bg4 Rd2 34. f3 Ra2 35. Rc3 Rd2 36. Ke5 Kg7 37. e4 Kh6 38. Rc8 Bd7 39. Rh8+ Kg7 40. Rd8 Bxg4 41. Rd7+ {[%emt 0:00:01] Rd3 Rxd3 Bxf3 Rd2 g4 Kd4 Kf6 Ke3 Ke5 Rd6 Bxe4 Rxa6 g3 Rb6 Bd5 Rxb5 g5 a4 g4 a5 g2 a6 g3 Kf2} 1-0

[Event "2nd Goa GM Open 2019"]
[Site "Goa"]
[Date "2019.06.22"]
[Round "7.19"]
[White "Anurag, Mhamal"]
[Black "Pranav Anand"]
[Result "1-0"]
[ECO "C54"]
[WhiteElo "2497"]
[BlackElo "2340"]
[Annotator "ChessBase"]
[PlyCount "71"]
[EventDate "2019.06.17"]
[EventType "swiss"]
[EventCountry "IND"]
[SourceTitle "playchess.com"]
[Source "ChessBase"]
[SourceQuality "1"]
[TimeControl "5400+30"]

1. e4 e5 2. Nf3 Nc6 3. Bc4 Bc5 4. c3 Nf6 5. d4 exd4 6. e5 d5 7. Bb5 Ne4 8. cxd4 Bb6 9. Nc3 Bg4 10. Be3 O-O 11. h3 Bh5 12. Qc2 Bg6 13. Qb3 Ne7 14. Nh4 c6 15. Nxg6 Nxg6 16. Bd3 Nxc3 17. bxc3 f5 18. exf6 Qxf6 19. g3 Rae8 20. O-O-O Bc7 21. Rde1 b6 22. h4 h6 23. Re2 Ne7 24. Rhe1 Nf5 25. Bd2 Rxe2 26. Rxe2 Bd6 27. Qa4 a5 28. Kd1 Ne7 29. Bb1 Qf3 30. Qc2 Nf5 31. Qd3 Qg2 32. Be1 h5 33. Re6 Qh3 34. Qe2 Bxg3 35. Re8 Nxh4 36. Qxh5 1-0

[Event "2nd Goa GM Open 2019"]
[Site "Goa"]
[Date "2019.06.22"]
[Round "7.20"]
[White "Gagare, Shardul"]
[Black "Rathnakaran, K.."]
[Result "1-0"]
[ECO "B30"]
[WhiteElo "2482"]
[BlackElo "2338"]
[Annotator "ChessBase"]
[PlyCount "49"]
[EventDate "2019.06.17"]
[EventType "swiss"]
[EventCountry "IND"]
[SourceTitle "playchess.com"]
[Source "ChessBase"]
[SourceQuality "1"]
[TimeControl "5400+30"]

1. e4 c5 2. Nf3 Nc6 3. Bb5 e6 4. O-O Nge7 5. d4 cxd4 6. Nxd4 Nxd4 7. Qxd4 a6 8. Be2 Qc7 9. Be3 Qxc2 10. Nc3 Nc6 11. Qb6 Bb4 12. Rfc1 Qxb2 13. Rab1 Qa3 14. Rb3 Qa5 15. e5 Bxc3 16. Rbxc3 Qxe5 17. Rc5 Qb8 18. Rg5 O-O 19. Qc5 f6 20. Rxg7+ Kxg7 21. Bh6+ Kxh6 22. Qxf8+ Kg6 23. Qg8+ Kf5 24. Rc5+ Ke4 25. Qg4+ {[%emt 0:00:08] Kd5} 1-0

[Event "2nd Goa GM Open 2019"]
[Site "Goa"]
[Date "2019.06.22"]
[Round "7.21"]
[White "Kunte, Abhijit"]
[Black "Rathanvel, V S"]
[Result "1/2-1/2"]
[ECO "A04"]
[WhiteElo "2478"]
[BlackElo "2314"]
[Annotator "ChessBase"]
[PlyCount "49"]
[EventDate "2019.06.17"]
[EventType "swiss"]
[EventCountry "IND"]
[SourceTitle "playchess.com"]
[Source "ChessBase"]
[SourceQuality "1"]
[TimeControl "5400+30"]

1. Nf3 c5 2. c4 Nc6 3. Nc3 g6 4. e3 Nf6 5. d4 cxd4 6. exd4 d5 7. cxd5 Nxd5 8. Qb3 Nxc3 9. Bc4 e6 10. bxc3 Be7 11. Bh6 Bf8 12. Bxf8 Kxf8 13. O-O Kg7 14. Bd3 b6 15. Be4 Bb7 16. Qb2 Qf6 17. Rad1 Rhe8 18. Bxc6 Bxc6 19. Ne5 Rac8 20. c4 Kg8 21. Qa3 Qg5 22. Nxc6 Rxc6 23. Qxa7 Rxc4 24. Qxb6 Qd5 25. Qb3 1/2-1/2

[Event "2nd Goa GM Open 2019"]
[Site "Goa"]
[Date "2019.06.22"]
[Round "7.22"]
[White "Raahul V S"]
[Black "Vasquez Schroeder, Rodrigo"]
[Result "0-1"]
[ECO "E92"]
[WhiteElo "2292"]
[BlackElo "2476"]
[Annotator "ChessBase"]
[PlyCount "110"]
[EventDate "2019.06.17"]
[EventType "swiss"]
[EventCountry "IND"]
[SourceTitle "playchess.com"]
[Source "ChessBase"]
[SourceQuality "1"]
[TimeControl "5400+30"]

1. c4 g6 2. Nc3 Bg7 3. d4 Nf6 4. e4 d6 5. Nf3 O-O 6. Be2 e5 7. d5 a5 8. Bg5 h6 9. Be3 Ng4 10. Bd2 Na6 11. h3 Nf6 12. g4 Nc5 13. Qc2 c6 14. g5 hxg5 15. Bxg5 cxd5 16. Bxf6 Bxf6 17. Nxd5 Be6 18. O-O-O Bxd5 19. Rxd5 Qe7 20. Rhd1 Ra6 21. Bf1 Rc8 22. Kb1 Rb6 23. Ng1 Bh4 24. f3 Qf6 25. Qd2 Rcc6 26. Qxa5 Bf2 27. Be2 Qg5 28. Qd2 Qg3 29. Qc1 Na4 30. b3 Bd4 31. R1xd4 exd4 32. Rxd4 Qf2 33. Rd5 Rc5 34. Rd1 Ra5 35. Qd2 Ra8 36. f4 Nc5 37. Bf3 Qxd2 38. Rxd2 Re8 39. e5 dxe5 40. Rd5 exf4 41. Rxc5 Re1+ 42. Kb2 Rxg1 43. Rc8+ Kg7 44. c5 Rf6 45. b4 Rg3 46. Bxb7 Re6 47. Rd8 Re2+ 48. Kc1 Rxa2 49. Rd1 Rc3+ 50. Kb1 Ra4 51. Kb2 Rc4 52. c6 Raxb4+ 53. Ka3 Rb6 54. Rd7 Rbxc6 55. Bxc6 Rxc6 0-1

[Event "2nd Goa GM Open 2019"]
[Site "Goa"]
[Date "2019.06.22"]
[Round "7.23"]
[White "Moksh Amit Doshi"]
[Black "Vignesh N R"]
[Result "0-1"]
[ECO "A61"]
[WhiteElo "2268"]
[BlackElo "2459"]
[Annotator "ChessBase"]
[PlyCount "90"]
[EventDate "2019.06.17"]
[EventType "swiss"]
[EventCountry "IND"]
[SourceTitle "playchess.com"]
[Source "ChessBase"]
[SourceQuality "1"]
[TimeControl "5400+30"]

1. d4 Nf6 2. c4 e6 3. Nf3 c5 4. d5 exd5 5. cxd5 d6 6. Nc3 g6 7. e4 Bg7 8. h3 O-O 9. Bd3 Re8 10. O-O a6 11. a4 Nbd7 12. Bf4 Qe7 13. Re1 Nh5 14. Bg5 Bf6 15. Bh6 Ne5 16. Be2 Bg7 17. Qd2 Bxh6 18. Qxh6 Nxf3+ 19. Bxf3 Nf6 20. Be2 Qf8 21. Qh4 Qg7 22. Bf1 g5 23. Qg3 Re5 24. Bd3 Bd7 25. a5 Rae8 26. f3 Nh5 27. Qf2 Nf4 28. Bf1 f5 29. g3 Ng6 30. exf5 Bxf5 31. Rxe5 Nxe5 32. Re1 Rf8 33. Re3 Qh6 34. g4 Bg6 35. Qg3 Qg7 36. Na4 Rf4 37. Nb6 Qf6 38. Be2 Rd4 39. b3 Bf7 40. Re4 Bg6 41. Re3 Kg7 42. Bc4 Rd1+ 43. Kf2 Rd2+ 44. Re2 Rd1 45. Kg2 Nxf3 0-1

[Event "2nd Goa GM Open 2019"]
[Site "Goa"]
[Date "2019.06.22"]
[Round "7.24"]
[White "Sammed Jaykumar, Shete"]
[Black "Kushagra Mohan"]
[Result "1/2-1/2"]
[ECO "C50"]
[WhiteElo "2431"]
[BlackElo "2207"]
[Annotator "ChessBase"]
[PlyCount "67"]
[EventDate "2019.06.17"]
[EventType "swiss"]
[EventCountry "IND"]
[SourceTitle "playchess.com"]
[Source "ChessBase"]
[SourceQuality "1"]
[TimeControl "5400+30"]

1. e4 e5 2. Nf3 Nc6 3. Bc4 Bc5 4. O-O Nf6 5. d3 O-O 6. Bb3 h6 7. c3 d6 8. Nbd2 a6 9. h3 Re8 10. Re1 Ba7 11. Nf1 Be6 12. N3h2 d5 13. Qf3 dxe4 14. dxe4 Bxb3 15. axb3 Qd6 16. Ng3 Ne7 17. Ng4 Nxg4 18. hxg4 Qg6 19. b4 c6 20. Ra5 f6 21. Nf5 Rad8 22. g3 Rd7 23. Kg2 Red8 24. Rh1 Qf7 25. Bxh6 Nxf5 26. Qxf5 g6 27. Qf3 Rd3 28. Qe2 Qc4 29. Re1 Bb6 30. Raa1 g5 31. Rad1 Kh7 32. Bf8 Rxg3+ 33. Kf1 Rg1+ 34. Kxg1 1/2-1/2

[Event "2nd Goa GM Open 2019"]
[Site "Goa"]
[Date "2019.06.22"]
[Round "7.25"]
[White "Priyanka, K."]
[Black "Sardana, Rishi"]
[Result "1-0"]
[ECO "B92"]
[WhiteElo "2053"]
[BlackElo "2428"]
[Annotator "ChessBase"]
[PlyCount "85"]
[EventDate "2019.06.17"]
[EventType "swiss"]
[EventCountry "IND"]
[SourceTitle "playchess.com"]
[Source "ChessBase"]
[SourceQuality "1"]
[TimeControl "5400+30"]

1. e4 c5 2. Nf3 d6 3. d4 cxd4 4. Nxd4 Nf6 5. Nc3 a6 6. Be2 e5 7. Nf3 Be7 8. Bg5 Nbd7 9. a4 h6 10. Be3 Ng4 11. Bc1 Ngf6 12. Be3 b6 13. Nd2 Qc7 14. Nc4 Bb7 15. f3 O-O 16. Qd2 Bc6 17. Rd1 Rfd8 18. a5 bxa5 19. Ra1 a4 20. Nxa4 Bxa4 21. Rxa4 Nc5 22. Bxc5 Qxc5 23. Ra5 Qc6 24. Ne3 Rdb8 25. Ra2 Bd8 26. O-O Bb6 27. Kh1 Bxe3 28. Qxe3 Qxc2 29. Rc1 Qb3 30. Rc8+ Rxc8 31. Qxb3 Rc1+ 32. Bd1 Nd7 33. h3 Rb8 34. Qd5 Rb4 35. Qd2 Rbc4 36. Rxa6 Nc5 37. Ra8+ Kh7 38. Kh2 Rb1 39. Qxd6 Rcc1 40. Rc8 Rxd1 41. Qxc5 Rh1+ 42. Kg3 Rxb2 43. Qxe5 1-0

[Event "2nd Goa GM Open 2019"]
[Site "Goa"]
[Date "2019.06.22"]
[Round "7.26"]
[White "Muthaiah AL"]
[Black "Matta, Vinay Kumar"]
[Result "0-1"]
[ECO "A48"]
[WhiteElo "2420"]
[BlackElo "2181"]
[Annotator "ChessBase"]
[PlyCount "32"]
[EventDate "2019.06.17"]
[EventType "swiss"]
[EventCountry "IND"]
[SourceTitle "playchess.com"]
[Source "ChessBase"]
[SourceQuality "1"]
[TimeControl "5400+30"]

1. Nf3 Nf6 2. d4 g6 3. Nbd2 d5 4. b4 Bg7 5. e3 O-O 6. c4 a5 7. b5 c5 8. bxc6 Nxc6 9. Be2 dxc4 10. Nxc4 Nd5 11. Bd2 b5 12. Nce5 Nxe5 13. Nxe5 b4 14. O-O Bxe5 15. dxe5 Qc7 16. Bf3 Qxe5 0-1

[Event "2nd Goa GM Open 2019"]
[Site "Goa"]
[Date "2019.06.22"]
[Round "7.27"]
[White "Harshavardhan G B"]
[Black "Michelle Catherina, P."]
[Result "0-1"]
[ECO "E32"]
[WhiteElo "2406"]
[BlackElo "2182"]
[Annotator "ChessBase"]
[PlyCount "122"]
[EventDate "2019.06.17"]
[EventType "swiss"]
[EventCountry "IND"]
[SourceTitle "playchess.com"]
[Source "ChessBase"]
[SourceQuality "1"]
[TimeControl "5400+30"]

1. d4 Nf6 2. c4 e6 3. Nc3 Bb4 4. Qc2 O-O 5. e4 d6 6. e5 Bxc3+ 7. Qxc3 Ne4 8. Qc2 f5 9. exf6 Nxf6 10. Nf3 e5 11. dxe5 dxe5 12. Be3 Nc6 13. c5 Kh8 14. Bc4 Ng4 15. Qc3 Nxe3 16. Qxe3 Bg4 17. Rd1 Qf6 18. O-O Bxf3 19. Qxf3 Qxf3 20. gxf3 Nd4 21. Bd5 c6 22. Be4 Rf7 23. Rfe1 Raf8 24. Re3 g6 25. Kg2 Kg7 26. b4 Rf4 27. a4 a6 28. Red3 R8f7 29. Rxd4 exd4 30. Rxd4 Rc7 31. Kf1 Rff7 32. Ke2 Rfd7 33. Rc4 Kf6 34. Rc1 Rd4 35. Rb1 a5 36. b5 Rxa4 37. b6 Re7 38. Kd3 Re8 39. h4 Rd8+ 40. Kc3 Rdd4 41. Bd3 Rdb4 42. Re1 Ra3+ 43. Kc2 Ra2+ 44. Kc3 Ra3+ 45. Kc2 Rd4 46. Be2 Rd5 47. Kb2 Ra4 48. Rc1 Rxh4 49. Ka3 Rhh5 50. Ba6 bxa6 51. b7 Rd8 52. Ka4 Rb8 53. Rb1 Rxc5 54. Rb6 Kf5 55. f4 Rb5 56. Rxc6 R8xb7 57. Rc2 h5 58. f3 h4 59. Ka3 h3 60. Rh2 Rb1 61. Ka2 R7b2+ 0-1